 Dungeon Crawl Stone Soup version 0.29-b1-12-g9e2288ab2a (webtiles) character file.

Game seed: 11748353697168783690

44 LynnLen the Vexing (level 3, -2/20 HPs)
             Began as a Vampire Enchanter on Aug 24, 2022.
             Slain by a hobgoblin (3 damage)
             ... on level 2 of the Dungeon.
             The game lasted 00:02:55 (1120 turns).

LynnLen the Vexing (Vampire Enchanter)              Turns: 1120, Time: 00:02:56

Health: -2/20      AC:  3    Str:  7    XL:     3   Next: 39%
Magic:  6/6        EV: 12    Int: 19    God:
Gold:   57         SH:  0    Dex: 14    Spells: 4/6 levels left

rFire   . . .      SeeInvis +   a - +1 dagger
rCold   + + .      Faith    .   (no shield)
rNeg    + + +      Spirit   .   b - +0 robe
rPois   ∞          Reflect  .   (no helmet)
rElec   .          Harm     .   (no cloak)
rCorr   .          Rampage  .   (no gloves)
Will    .....                   k - +0 pair of boots
Stlth   +++++.....              (no amulet)
HPRegen 0.00/turn               (no ring)
MPRegen 0.10/turn               (no ring)

@: bloodless, inhibited regen
A: bloodless, fangs 3, see invisible, vampiric 2
a: Bat Form, Revivify


You were on level 2 of the Dungeon.
You visited 1 branch of the dungeon, and saw 2 of its levels.

You collected 57 gold pieces.

Inventory:

Hand Weapons
 a - a +1 dagger (weapon)
Armour
 b - a +0 robe (worn)
 k - a +0 pair of boots (worn)
Scrolls
 d - 2 scrolls of identify {unknown}
 i - a scroll of immolation {unknown}
Potions
 c - 2 potions of invisibility
 e - a potion of haste {unknown}
 f - a potion of degeneration {unknown}
 g - a potion of heal wounds {unknown}
 h - a potion of resistance {unknown}
 j - a potion of flight {unknown}


   Skills:
 * Level 1.5 Fighting
 - Level 1.1 Short Blades
 - Level 2.1 Dodging
 - Level 4.4 Stealth
 - Level 2.0 Spellcasting
 + Level 5.9 Hexes


You had 4 spell levels left.
You knew the following spells:

 Your Spells              Type           Power      Damage    Failure   Level
a - Ensorcelled Hibernat  Hex/Ice        26%        N/A       8%          2

Your spell library contained the following spells:

 Spells                   Type           Power      Damage    Failure   Level
 Confusing Touch          Hex            24%        N/A       4%          3
 Tukima's Dance           Hex            24%        N/A       4%          3
 Dazzling Flash           Conj/Hex       26%        N/A       16%         3


Dungeon Overview and Level Annotations

Branches:
Dungeon (2/15)

Altars:


Innate Abilities, Weirdness & Mutations

You do not regenerate when monsters are visible.
You are frail without blood (-20% HP).
You can heal yourself when you bite living creatures.
You are immune to poison.
You have razor-sharp teeth.
You have supernaturally acute eyesight. (SInv)
You are afflicted with vampirism and can become a bat while bloodless.


Message History

The adder is lightly wounded.
The adder bites you but does no damage.
You miss the adder.
The adder is lightly wounded.
The adder bites you but does no damage. x2
You completely miss the adder.
The adder is lightly wounded.
The adder completely misses you.
You hit the adder but do no damage. Your bite misses the adder.
The adder is lightly wounded.
The adder misses you.
You hit the adder.
The adder is moderately wounded.
The adder misses you. The hobgoblin misses you.
You closely miss the adder.
The adder is moderately wounded.
The adder bites you. The hobgoblin hits you. The adder bites you.
You hit the adder.
The adder is severely wounded.
The adder bites you. The hobgoblin hits you.
You hit the adder but do no damage. Your bite misses the adder.
The adder is severely wounded.
The adder bites you. The hobgoblin barely misses you.
You hit the adder.
The adder is severely wounded.
The adder bites you.
* * * LOW HITPOINT WARNING * * *
The hobgoblin hits you.
* * * LOW HITPOINT WARNING * * *
You completely miss the adder.
The adder is severely wounded.
The adder barely misses you.
The hobgoblin hits you but does no damage.
The adder bites you but does no damage.
You miss the adder. You bite the adder.
You kill the adder!
The hobgoblin hits you.
* * * LOW HITPOINT WARNING * * *
The hobgoblin hits you.
You die...

...... #........# ...
........# #....$...#
.............###........#
................†......##
......#..........####..##
......#...........# #....
.......#..........# #...#
##................# #...#
........@g........# #...#
..#..............# #...#
.....#$.†...?.....# #...#
##.. #............# #...#
# #......#####.# #...#
#......# .# #...#
#......# .# #...#
..#.#.... ##.###...#
...#.#.#... ........[.


You could see a hobgoblin.

Vanquished Creatures
  2 adders (D:2)
  A worm (D:2)
  3 endoplasms (D:1)
  2 goblins (D:1)
  2 jackals (D:2)
  A ball python (D:1)
  2 bats
  6 frilled lizards
  A kobold (D:1)
  5 rats
25 creatures vanquished.

Notes
Turn   | Place    | Note
-------+----------+-------------------------------------------
     0 | D:1      | LynnLen the Vampire Enchanter began the quest for the Orb.
     0 | D:1      | Reached XP level 1. HP: 13/13 MP: 3/3
   189 | D:1      | Found a faded altar of an unknown god.
   198 | D:1      | Noticed a great orb of eyes
   202 | D:1      | Noticed an eye of devastation
   248 | D:1      | Noticed a floating eye
   276 | D:1      | Reached skill level 5 in Hexes
   276 | D:1      | Reached XP level 2. HP: 17/20 MP: 5/5
   280 | D:1      | Learned a level 2 spell: Ensorcelled Hibernation
   289 | D:1      | Noticed a great orb of eyes
   910 | D:2      | Reached skill level 1 in Fighting
  1105 | D:2      | Gained mutation: You are afflicted with vampirism and can
                  | become a bat while bloodless. [Vampire growth]
  1105 | D:2      | Reached XP level 3. HP: 15/20 MP: 6/6
  1119 | D:2      | HP: 1/20 [hobgoblin (2)]
  1120 | D:2      | Slain by a hobgoblin

Illustrated notes

Levels and vault maps discovered:
D:1:      nzn_arrival_water_spiral, layout_basic,
          hellmonk_ecumenical_altar_watching_god, chequers_serial_rivers_micro_b
D:2:      layout_basic

Skill      XL: |  1  2 |
---------------+-------+-----
Hexes          | 5 |  5.9
Fighting       | 1 |  1.5
Short Blades   | |  1.1
Dodging        | |  2.1
Stealth        | |  4.4
Spellcasting   | |  2.0

Action                   || total
-------------------------++-------
Melee: Dagger            ||    76
       Bite              ||     9
 Abil: Exsanguinate      ||     1
 Stab: Sleeping          ||     6
Armor: Robe              ||    17
Dodge: Dodged            ||    34
